 Dungeon Crawl Stone Soup version 0.27.1-34-g3ba077fa99 (webtiles) character file.

Game seed: 412441905371019916

134 McKennaii the Poker (level 4, 0/35 HPs)
             Began as a Demonspawn Fighter on Jan 17, 2022.
             Succumbed to Ijyb's poison
             ... on level 3 of the Dungeon.
             The game lasted 00:02:58 (2585 turns).

McKennaii the Poker (Demonspawn Fighter)            Turns: 2585, Time: 00:02:59

Health: 0/35       AC: 12    Str: 17    XL:     4   Next: 95%
Magic:  4/4        EV:  4    Int:  9    God:
Gold:   54         SH:  9    Dex: 13    Spells: 3/3 levels left

rFire    . . .     SeeInvis .   a - +0 trident
rCold    . . .     Faith    .   c - +0 kite shield
rNeg     . . .     Spirit   .   m - +0 chain mail
rPois    .         Reflect  .   p - +0 helmet
rElec    .         Harm     .   (no cloak)
rCorr    .         Rampage  .   (no gloves)
Will     .....                  (no boots)
Stlth    ..........             (no amulet)
HPRegen  0.11/turn              (no ring)
MPRegen  0.09/turn              (no ring)

@: lethally poisoned (0 -> -10), on berserk cooldown, slowed, very slow
A: talons 1, slimy green scales 1, condensation shield
a: no special abilities


You were on level 3 of the Dungeon.
You visited 1 branch of the dungeon, and saw 3 of its levels.

You collected 54 gold pieces.

Inventory:

Hand Weapons
 a - a +0 trident (weapon)
Armour
 c - a +0 kite shield (worn)
 m - a +0 chain mail (worn)
 p - a +0 helmet (worn)
Jewellery
 h - a ring of fire
Wands
 b - a wand of mindburst (14)
Scrolls
 g - a scroll of teleportation {unknown}
 i - a scroll of blinking {unknown}
 k - a scroll of magic mapping {unknown}
 l - a scroll of noise {unknown}
 n - a scroll of fear {unknown}
 o - a scroll of identify {unknown}
Potions
 d - a potion of might
 e - a potion of curing {unknown}
 f - a potion of berserk rage
 j - a potion of mutation {unknown}


   Skills:
 - Level 3.0 Fighting
 * Level 3.5 Polearms
 + Level 3.4 Armour
 + Level 3.4 Shields


You had 3 spell levels left.
You didn't know any spells.
Your spell library contained the following spells:

 Spells                   Type           Power      Damage    Failure   Level
 Magic Dart               Conj           0%         1d3       100%        1
 Searing Ray              Conj           0%         3d3       100%        2
 Fulminant Prism          Conj/Hex       0%         3d6       100%        4


Dungeon Overview and Level Annotations

Branches:
Dungeon (3/15)

Altars:
Sif Muna


Innate Abilities, Weirdness & Mutations

You have sharp toenails.
You are partially covered in slimy green scales. (AC +2)
A meltable shield of frost defends you. (SH +0)


Message History

You are more poisoned.
Ijyb hits you but does no damage.
You are lethally poisoned!
It was a potion of berserk rage.
A red film seems to cover your vision as you go berserk!
You feel yourself moving faster!
You feel mighty!
You feel very sick. Ijyb hits you but does no damage.
You are lethally poisoned!
You hit Ijyb. Your kick misses Ijyb.
Ijyb is heavily wounded.
You feel very sick.
Ijyb zaps a wand.
The puff of flame hits you but does no damage.
You puncture Ijyb! You claw Ijyb.
You kill Ijyb!
* * * LOW HITPOINT WARNING * * *
You feel very sick.
Reach: a) +0 trident
Press: ? - help, Dir - move target, f - rat
Aim: a rat (about 43% to evade your +0 trident)
Okay, then.
Your shield and chain mail prevent you from hitting the rat.
You claw the rat.
You kill the rat!
* * * LOW HITPOINT WARNING * * *
You feel very sick.
You are too berserk!
* * * LOW HITPOINT WARNING * * *
You feel sick.
Items here: ) / [ †.
You feel a strong urge to attack something.
* * * LOW HITPOINT WARNING * * *
You feel sick.
* * * LOW HITPOINT WARNING * * *
You feel sick.
You feel your anger nearly subside.
You are no longer berserk.
You are exhausted.
You feel yourself slow down.
You die...

....... #.####. #.#.
.## #[# #.. ... #.# ..
#.. .. #.# .# .....
#.#####.# ####.#.
........ ..##..
........ #.##.#
###.##.# #.##@# #
#.##.# #.##.# ###.##.#
##.##.####.#
.......#####..........#
###.##...).......###..#
#.##.###....##.# #
#.##.# #.#.###.#
###.##.###.#.# #..
....##.......# #...


There were no monsters in sight!

Vanquished Creatures
  Ijyb (D:3)
  Robin (D:3)
  3 adders
  2 worms (D:2)
  A dart slug (D:3)
  4 endoplasms
  4 giant cockroaches
  15 goblins
  6 hobgoblins
  3 jackals (D:2)
  5 ball pythons
  4 bats
  4 frilled lizards (D:1)
  5 kobolds
  4 rats
62 creatures vanquished.

Notes
Turn   | Place    | Note
-------+----------+-------------------------------------------
     0 | D:1      | McKennaii the Demonspawn Fighter began the quest for the
                  | Orb.
     0 | D:1      | Reached XP level 1. HP: 18/18 MP: 1/1
   277 | D:1      | You fall into a shaft and drop 1 floor!
   284 | D:2      | Found a shimmering blue altar of Sif Muna.
   421 | D:2      | Gained mutation: A meltable shield of frost defends you.
                  | (SH +0) [demonic ancestry]
   421 | D:2      | Reached XP level 2. HP: 21/24 MP: 2/2
   725 | D:1      | Gained mutation: You have sharp toenails. [demonic
                  | ancestry]
   725 | D:1      | Reached XP level 3. HP: 29/29 MP: 3/3
   829 | D:1      | Found a faded altar of an unknown god.
  2018 | D:2      | Gained mutation: You are partially covered in slimy green
                  | scales. (AC +2) [demonic ancestry]
  2018 | D:2      | Reached XP level 4. HP: 35/35 MP: 4/4
  2243 | D:3      | Noticed Robin
  2317 | D:3      | Killed Robin
  2572 | D:3      | Noticed Ijyb
  2580 | D:3      | Killed Ijyb
  2584 | D:3      | HP: 1/52 [poisoned by Ijyb]
  2585 | D:3      | Succumbed to Ijyb's poison

Illustrated notes

Levels and vault maps discovered:
D:1:      dpeg_arrival_round_c, layout_loops_ring,
          shapermc_ecumenical_altar_starsandcircs, minmay_3d_cube
D:2:      layout_basic, basic_altar
D:3:      layout_loops_ring, minmay_misc_feat_enclosed, uniq_ijyb, uniq_robin

Skill      XL: |  1  2  3 |
---------------+----------+-----
Polearms       | 2 3 |  3.5
Armour         | 3 |  3.4
Shields        | 3 |  3.4
Fighting       | |  3.0

Action                   |  1- 3 |  4- 6 || total
-------------------------+-------+-------++-------
Melee: Trident           |   128 |    59 ||   187
       Kick              |    10 |     9 ||    19
  Use: Potion            |       |     1 ||     1
Armor: Scale mail        |    32 |    17 ||    49
       Chain mail        |       |     4 ||     4
Dodge: Dodged            |    16 |     4 ||    20
Block: Kite shield       |    51 |    32 ||    83
